 Dungeon Sprint DCSS version 0.27-a0-1147-gb3d8e82157 (webtiles) character file.

Game seed: 5315529053294289629

802 Zeld the Fighter (level 7, -2/88 HPs)
             Began as an Ogre Fighter on May 12, 2021.
             Was a Priest of Fedhas.
             Slain by a +1 glaive of protection (10 damage)
             ... in the Dungeon (Sprint V: "Ziggurat Sprint").
             The game lasted 00:02:15 (904 turns).

Zeld the Fighter (Ogre Fighter)                      Turns: 904, Time: 00:02:16

Health: -2/88      AC: 18    Str: 35    XL:     7   Next: 90%
Magic:  5/8        EV:  2    Int:  9    God:    Fedhas [***...]
Gold:   0          SH: 23    Dex:  8    Spells: 8/8 levels left

rFire    + . .     SeeInvis .   m - +5 broad axe
rCold    + . .     Faith    .   k - +3 tower shield
rNeg     . . .     Spirit   .   j - +5 gold dragon scales
rPois    +         Reflect  .   (helmet restricted)
rElec    .         Harm     .   (no cloak)
rCorr    .         Rampage  .   (gloves unavailable)
Will     .....     NoTele   +   (boots unavailable)
Stlth    ..........             (no amulet)
HPRegen  0.24/turn              x - +6 ring of strength
MPRegen  0.11/turn              w - +6 ring of strength

@: no status effects
A: large, unfitting armour, tough skin 1
a: Renounce Religion, Wall of Briars, Grow Ballistomycete


You were in the Dungeon.
You worshipped Fedhas.
Fedhas was most pleased with you.
You visited 1 branch

Inventory:

Hand Weapons
 m - a +5 broad axe (weapon)
Armour
 j - +5 gold dragon scales (worn)
 k - a +3 tower shield (worn)
Jewellery
 w - a +6 ring of strength (right hand)
 x - a +6 ring of strength (left hand)
Wands
 t - a wand of mindburst (7)
 u - a wand of iceblast (7)
 v - a wand of acid (7)
Scrolls
 a - 4 scrolls of amnesia
 b - 7 scrolls of fog
 i - 4 scrolls of blinking
 l - a scroll of holy word
 n - 5 scrolls of identify
 o - 2 scrolls of fear
Potions
 c - 6 potions of might
 d - 10 potions of curing
 e - 7 potions of heal wounds
 f - 6 potions of haste
 g - 7 potions of magic
 h - 3 potions of berserk rage
 p - 2 potions of brilliance
 q - 2 potions of invisibility
 r - 4 potions of resistance
Miscellaneous
 s - a lightning rod (4/4)
 y - a condenser vane


   Skills:
 + Level 11.0 Fighting
 - Level 0.7(1.0) Short Blades
 - Level 1.0(1.1) Long Blades
 + Level 7.6(7.7) Axes
 - Level 0.7(4.4) Maces & Flails
 - Level 0.8(4.9) Polearms
 - Level 0.8(1.2) Staves
 - Level 1.1(1.2) Slings
 - Level 0.9 Bows
 - Level 0.5 Crossbows
 - Level 0.8(1.3) Throwing
 - Level 0.6 Armour
 - Level 2.9 Dodging
 - Level 1.0 Stealth
 * Level 10.3 Shields
 - Level 2.0 Unarmed Combat
 - Level 1.0 Spellcasting
 - Level 0.7 Conjurations
 - Level 0.7 Hexes
 - Level 0.7 Summonings
 - Level 0.7 Necromancy
 - Level 0.7 Translocations
 - Level 1.1 Transmutations
 - Level 0.7 Fire Magic
 - Level 0.7 Ice Magic
 - Level 0.7 Air Magic
 - Level 0.7 Earth Magic
 - Level 0.7 Poison Magic
 - Level 1.0 Invocations
 - Level 0.6 Evocations


You had 8 spell levels left.
You didn't know any spells.
Your spell library contained the following spells:

 Spells                   Type           Power      Damage    Failure   Level
 Ensorcelled Hibernation  Hex/Ice        2%         N/A       100%        2
 Ignite Poison            Fire/Tmut/Pois 1%         N/A       100%        3
 Animate Armour           Summ/Erth      2%         N/A       100%        4
 Borgnjor's Vile Clutch   Necr/Erth      0%         N/A       100%        5
 Fireball                 Conj/Fire      0%         3d3       100%        5
 Silence                  Hex/Air        0%         N/A       100%        5
 Shadow Creatures         Summ           N/A        N/A       100%        6
 Starburst                Conj/Fire      0%         8x6d3     100%        6
 Ignition                 Fire           0%         3d3       100%        8


Dungeon Overview and Level Annotations

Branches:
Dungeon (1/1)

Altars:
Ashenzari
Cheibriados
Dithmenos
Elyvilon
Fedhas
Gozag
Hepliaklqana
Kikubaaqudgha
Makhleb
Nemelex Xobeh
Okawaru
Qazlal
Ru
Sif Muna
Trog
Uskayaw
Vehumet
Wu Jian
Xom
Yredelemnul
Zin
The Shining One
Beogh
Jiyva
Lugonu

Annotations:
D 1 transporter


Innate Abilities, Weirdness & Mutations

You are too large for most types of armour.
You have tough skin. (AC +1)


Message History

Unknown command.
You are too injured to fight recklessly!
You slice the deep elf pyromancer!!
You kill the deep elf pyromancer!
Fedhas appreciates your contribution to the ecosystem.
You can now grow a ballistomycete.
The fire elemental disappears in a puff of smoke!
You block the +1 glaive of protection's attack.
The deep elf zephyrmancer points at you and mumbles some strange words.
The bolt of lightning hits your briar patch!!
Your briar patch is destroyed!
The bolt of lightning hits you!
* * * LOW HITPOINT WARNING * * *
The bolt of lightning hits your briar patch!
You block the +1 glaive of protection's attack.
The deep elf zephyrmancer casts a spell.
The deep elf zephyrmancer blinks!
Your Fighting skill gained 2 levels and is now at level 11!
Your Axes skill increases to level 7!
Your Shields skill gained 2 levels and is now at level 10!
You have reached level 7!
You feel much better.
You block the +1 glaive of protection's attack.
Press: ? - help, Dir - move target, f - deep elf pyromancer
Aim: a deep elf pyromancer, wielding a +0 long sword That space is already occupied.
Unknown command.
Press: ? - help, Dir - move target, f/p - deep elf pyromancer
Aim: a deep elf pyromancer, wielding a +0 long sword That space is already occupied.
You walk carefully through the plants.
You block the +1 glaive of protection's attack.
The deep elf zephyrmancer gestures at you while chanting.
The bolt of lightning hits you!!
* * * LOW HITPOINT WARNING * * *
The bolt of lightning hits your briar patch!!
Your briar patch is destroyed!
The +1 glaive of protection hits you from afar!
You die...
Fedhas appreciates your contribution to the ecosystem.

▓..©..▓..©..▓▓▓▓▓▓▓
▓▓▓▓▓▓▓▓▓▓▓▓▓▓
▓..8©8...▓
▓..:)=...▓
▓...[....▓
▓........▓
▓...(.e..▓
▓.▓P)..▓.▓
▓..@e....▓
▓▓▓▓▓▓▓▓▓▓


You could see a deep elf pyromancer, a deep elf zephyrmancer and a +1 glaive of
protection (ally target).

Vanquished Creatures
  A deep elf pyromancer (D)
  3 necrophages (D)
  A wight (D)
  An iron imp (D)
  A shadow imp (D)
  A bat zombie (D)
8 creatures vanquished.

Vanquished Creatures (collateral kills)
  2 necrophages (D)
2 creatures vanquished.

Grand Total: 10 creatures vanquished

Notes
Turn   | Place    | Note
-------+----------+-------------------------------------------
     0 | D        | Zeld the Ogre Fighter began the quest for the Orb.
     0 | D        | Reached XP level 1. HP: 24/24 MP: 1/1
     3 | D        | Found a blossoming altar of Fedhas.
     4 | D        | Found the +6 Majin-Bo {vamp, MP+6 Int+6}
     4 | D        | Found the +9 heavy crossbow "Sniper" {vorpal, Acc+∞ SInv}
     4 | D        | Found the +10 dark maul {vorpal}
     4 | D        | Found the +15 Maxwell's patent armour {-Cast -Tele rElec
                  | Will+ rCorr}
     4 | D        | Found the +18 shield of the Gong {rElec rN+ Will+ EV-5}
     4 | D        | Found the +14 obsidian axe {vorpal, Drain Fly SInv}
     4 | D        | Found the +7 great mace "Firestarter" {inner flame, rF++}
     4 | D        | Found the +6 shillelagh "Devastator" {shatter}
     4 | D        | Found the +11 plutonium sword {Contam Stlth-}
     4 | D        | Found the +8 lance "Wyrmbane" {slay drac, rPois rF+ rC+
                  | AC+3}
     4 | D        | Found the +9 sword of Zonguldrok {reap}
     4 | D        | Found the +13 scythe of Curses {drain, Drain}
     4 | D        | Found the +5 sword of Power {vorpal}
     4 | D        | Found the +7 mace of Variability {chain chaos}
     4 | D        | Found the +7 Singing Sword {vorpal, sonic wave}
     4 | D        | Found the +8 storm bow {elec, penet}
     5 | D        | Found a viscous altar of Jiyva.
     5 | D        | Found a hazy altar of Hepliaklqana.
     5 | D        | Found a transporter.
     5 | D        | Found an opulent altar of Gozag.
     5 | D        | Found an ancient bone altar of Kikubaaqudgha.
     5 | D        | Found a corrupted altar of Lugonu.
    52 | D        | Became a worshipper of Fedhas Madash
    61 | D        | Found a burning altar of Makhleb.
    62 | D        | Found a sacrificial altar of Ru.
    62 | D        | Found a shimmering blue altar of Sif Muna.
    62 | D        | Found a stormy altar of Qazlal.
    62 | D        | Found a bloodstained altar of Trog.
    62 | D        | Found an iron altar of Okawaru.
    62 | D        | Found a sparkling altar of Nemelex Xobeh.
    75 | D        | Reached skill level 1 in Long Blades
    75 | D        | Reached skill level 1 in Slings
    75 | D        | Reached skill level 1 in Stealth
    75 | D        | Reached skill level 1 in Spellcasting
    75 | D        | Reached skill level 1 in Transmutations
    75 | D        | Reached skill level 1 in Invocations
    75 | D        | Reached XP level 2. HP: 33/33 MP: 1/3
   259 | D        | Entered arena 2.
   259 | D        | Found a transporter.
   262 | D        | Reached skill level 5 in Fighting
   262 | D        | Reached XP level 3. HP: 42/42 MP: 4/4
   262 | D        | Reached * piety under Fedhas
   455 | D        | Entered arena 3.
   455 | D        | Noticed a necrophage
   455 | D        | Found a transporter.
   456 | D        | Identified the +2 shortbow "Sienost" {venom, Will+}
   459 | D        | Killed a necrophage
   460 | D        | Reached skill level 7 in Fighting
   460 | D        | Reached skill level 5 in Shields
   460 | D        | Reached XP level 4. HP: 54/55 MP: 5/5
   460 | D        | Reached XP level 5. HP: 61/62 MP: 6/6
   461 | D        | Reached ** piety under Fedhas
   579 | D        | Entered arena 4.
   579 | D        | Noticed a necrophage
   579 | D        | Noticed a necrophage
   579 | D        | Noticed a necrophage
   579 | D        | Noticed a necrophage
   579 | D        | Found a transporter.
   586 | D        | Killed a necrophage
   587 | D        | Reached skill level 8 in Fighting
   589 | D        | Killed a necrophage
   590 | D        | Reached skill level 5 in Axes
   590 | D        | Reached XP level 6. HP: 74/74 MP: 4/7
   604 | D        | Killed a necrophage
   605 | D        | Reached skill level 9 in Fighting
   606 | D        | Killed a necrophage
   606 | D        | Reached *** piety under Fedhas
   895 | D        | Entered arena 5.
   895 | D        | Noticed a deep elf zephyrmancer
   895 | D        | Noticed a deep elf pyromancer
   895 | D        | Noticed a deep elf pyromancer
   895 | D        | Noticed a +1 glaive of protection
   895 | D        | Found a transporter.
   899 | D        | Noticed a fire elemental
   902 | D        | Killed a deep elf pyromancer
   903 | D        | Reached skill level 11 in Fighting
   903 | D        | Reached skill level 10 in Shields
   903 | D        | Reached XP level 7. HP: 22/88 MP: 4/8
   904 | D        | Slain by a +1 glaive of protection

Illustrated notes

Levels and vault maps discovered:
D:        sprint_v [room_start, room_1, room_2, room_3, room_4, room_5, room_6,
          room_7, room_8, room_9, room_10, room_11, room_12, room_13, room_14,
          room_15, room_16, room_17, room_18, room_19, room_20, room_21,
          room_22, room_23, room_24, room_25, room_26, room_27]

Skill      XL: |  1  2  3  4  5  6 |
---------------+-------------------+-----
Long Blades    | 1 |  1.0
Slings         | 1 |  1.1
Stealth        | 1 |  1.0
Unarmed Combat | 2 |  2.0
Spellcasting   | 1 |  1.0
Transmutations | 1 |  1.1
Invocations    | 1 |  1.0
Fighting       | 5 7 8 11 | 11.0
Axes           | 2 3 5 7 |  7.6
Shields        | 3 5 7 10 | 10.3
Short Blades   | |  0.7
Maces & Flails | |  0.7
Polearms       | |  0.8
Staves         | |  0.8
Bows           | |  0.9
Crossbows      | |  0.5
Throwing       | |  0.8
Armour         | |  0.6
Dodging        | |  2.9
Conjurations   | |  0.7
Hexes          | |  0.7
Summonings     | |  0.7
Necromancy     | |  0.7
Translocations | |  0.7
Fire Magic     | |  0.7
Ice Magic      | |  0.7
Air Magic      | |  0.7
Earth Magic    | |  0.7
Poison Magic   | |  0.7
Evocations     | |  0.6

Action                   |  1- 3 |  4- 6 |  7- 9 || total
-------------------------+-------+-------+-------++-------
Melee: Broad axe         |     5 |     9 |       ||    14
Invok: Wall of Briars    |       |     3 |       ||     3
  Use: Potion            |     1 |     2 |     1 ||     4
Armor: Gold dragon scale |     7 |     7 |       ||    14
Dodge: Dodged            |       |     1 |       ||     1
Block: Tower shield      |    11 |    16 |     2 ||    29

Table legend: (Time is in decaauts)
 A = Elapsed time spent in this place.
 B = Non-inter-level travel time spent in this place.
 C = Inter-level travel time spent in this place.
 D = Time resting spent in this place.
 E = Time spent auto-exploring this place.
 F = Levels seen in this place.
 G = Mean time per level.
                   A        B        C        D        E       F      G
               +--------+--------+--------+--------+--------+-----+--------+
         Total |    913 |    913 |      0 |    719 |     26 |   1 |  913.0 |
       Dungeon |    913 |    913 |      0 |    719 |     26 |   1 |  913.0 |
               +--------+--------+--------+--------+--------+-----+--------+

Top non-repeatable levels by time:
       D: 913 daAuts
